 Dungeon Crawl Stone Soup version 0.19-a0-965-g50bf062 (webtiles) character file.

75 GlassEater the Sneak (level 4, -9/24 HPs)
             Began as a Kobold Enchanter on July 12, 2016.
             Mangled by a worm (12 damage)
             ... on level 2 of the Dungeon.
             The game lasted 00:06:29 (2015 turns).

GlassEater the Sneak (Kobold Enchanter)             Turns: 2015, Time: 00:06:30

Health: -9/24      AC:  5    Str:  6    XL:     4   Next: 55%
Magic:  3/8        EV: 16    Int: 14    God:
Gold:   44         SH:  0    Dex: 16    Spells: 3 memorised, 1 level left

rFire  . . .     SeeInvis .     a - +1 dagger
rCold  . . .     Gourm    .     b - +1 robe
rNeg   . . .     Faith    .     (shield restricted)
rPois  .         Spirit   .     (no helmet)
rElec  .         Dismiss  .     (no cloak)
rCorr  .         Reflect  .     p - +1 pair of gloves
SustAt .         Harm     .     (no boots)
MR     .....                    (no amulet)
Stlth  +++.......               (no ring)
                                (no ring)

@: very slightly contaminated, not resistant to hostile enchantments, fairly
stealthy
A: carnivore 3
a: no special abilities


You were on level 2 of the Dungeon.
You were completely stuffed.

You visited 1 branch of the dungeon, and saw 2 of its levels.

You collected 44 gold pieces.

Inventory:

Hand Weapons
 a - a +1 dagger (weapon)
Armour
 b - a +1 robe (worn)
 p - a +1 pair of gloves (worn)
Scrolls
 h - a scroll of recharging {unknown}
 i - a scroll of magic mapping {unknown}
 j - a scroll of remove curse {unknown}
 k - 2 scrolls of amnesia {unknown}
 m - 2 scrolls of blinking {unknown}
 o - a scroll of teleportation {unknown}
Potions
 f - 2 potions of cancellation {unknown}
 g - a potion of cure mutation {unknown}
 l - 2 potions of berserk rage
 n - a potion of invisibility {unknown}
Books
 c - a book of Maledictions

   Spells                             Type                      Level
   a - Corona                         Hexes                        1
   b - Ensorcelled Hibernation        Hexes/Ice                    2
   c - Confuse                        Hexes                        3
   d - Tukima's Dance                 Hexes                        3
   e - Dazzling Spray                 Conjuration/Hexes            3
Comestibles
 d - 2 meat rations
 q - a chunk of flesh


   Skills:
 + Level 0.7 Fighting
 + Level 1.5 Short Blades
 + Level 2.8 Dodging
 + Level 4.6 Stealth
 * Level 2.7 Spellcasting
 * Level 3.8 Hexes


You had one spell level left.
You knew the following spells:

 Your Spells              Type           Power        Failure   Level  Hunger
a - Corona                Hex            ##.....      6%          1    #......
c - Confuse               Hex            ##......     17%         3    ###....
d - Tukima's Dance        Hex            ##......     17%         3    ###....


Dungeon Overview and Level Annotations

Branches:
Dungeon (2/15)

Altars:
Gozag
The Shining One


Innate Abilities, Weirdness & Mutations

You are small and have problems with some larger weapons.
You are carnivorous and can eat meat at any time.


Message History

You are very lightly contaminated with residual magic.
Your hands glow momentarily.
The worm bites you.
You hit the worm.
The worm is lightly wounded.
You hit the worm but do no damage.
The worm is lightly wounded.
The worm bites you!
Ouch! That really hurt!
* * * LOW HITPOINT WARNING * * *
You hit the worm.
The worm is lightly wounded.
You hit the worm.
The worm is moderately wounded.
The worm bites you.
* * * LOW HITPOINT WARNING * * *
You hit the worm but do no damage.
The worm is moderately wounded.
The worm bites you!
Ouch! That really hurt!
You die...

....... ........# ........#
....../.#### ........+..#
....... ........##.#
....... ........##@#
#....... #+#..wgrw.#
#....... ##.....g####
#....... ...####.#
######.......
......#'#######.........##.
......lg......#.........##.
........gr..w.#.w.......##.
........>....www.......w.'.
....#<........##'#########g


You could see 2 worms, 2 goblins and a rat.

Vanquished Creatures
  3 adders (D:2)
  An ooze (D:1)
  2 dart slugs (D:1)
  A giant gecko (D:1)
  2 ball pythons (D:1)
  2 giant cockroaches
  5 goblins
  6 hobgoblins
  2 jackals (D:2)
  3 bats
  3 giant newts
  5 kobolds
  5 rats
40 creatures vanquished.

Notes
Turn   | Place    | Note
-------+----------+-------------------------------------------
     0 | D:1      | GlassEater the Kobold Enchanter began the quest for the Orb.
     0 | D:1      | Reached XP level 1. HP: 10/10 MP: 3/3
    38 | D:1      | Reached XP level 2. HP: 9/15 MP: 5/5
   671 | D:1      | Reached XP level 3. HP: 19/19 MP: 6/6
   676 | D:1      | Learned a level 3 spell: Confuse
  1443 | D:2      | Reached XP level 4. HP: 18/24 MP: 3/8
  1487 | D:2      | Learned a level 3 spell: Tukima's Dance
  1975 | D:2      | Found a glowing golden altar of the Shining One.
  1976 | D:2      | Found an opulent altar of Gozag.
  2015 | D:2      | Mangled by a worm

Vault maps used:
D:1:      minmay_arrival_checkered_box
D:2:      lemuel_blue_sif_altar, gammafunk_temple_overflow_forgotten

Action                   |  1- 3 |  4- 6 || total
-------------------------+-------+-------++-------
Melee: Dagger            |   118 |    73 ||   191
 Cast: Confuse           |    10 |     3 ||    13
  Use: Scroll            |     3 |       ||     3
       Potion            |     1 |       ||     1
 Stab: Sleeping          |     7 |       ||     7
       Confused          |     1 |       ||     1
       Distracted        |       |     1 ||     1
  Eat: Chunk             |    12 |     2 ||    14
Armor: Robe              |    14 |    27 ||    41
Dodge: Dodged            |    96 |    92 ||   188
